 Dungeon Crawl Stone Soup version 0.21.1-1-g345015f (webtiles) character file.

133 Mesmaeker13 the Sneak (level 4, -3/37 HPs)
             Began as a Demigod Wanderer on Mar 18, 2018.
             Slain by a gnoll
             ... wielding a +0 halberd
              (8 damage)
             ... on level 4 of the Dungeon.
             The game lasted 00:04:55 (3527 turns).

Mesmaeker13 the Sneak (Demigod Wanderer)            Turns: 3527, Time: 00:04:55

Health: -3/37      AC:  5    Str: 15    XL:     4   Next: 63%
Magic:  6/6        EV: 12    Int: 15    God:
Gold:   92         SH:  0    Dex: 18    Spells: 3/3 levels left

rFire    . . .     SeeInvis .   a - +3 dagger
rCold    + . .     Gourm    .   (no shield)
rNeg     . . .     Faith    .   e - +0 ring mail
rPois    .         Spirit   .   (no helmet)
rElec    .         Reflect  .   (no cloak)
rCorr    .         Harm     .   (no gloves)
MR       .....                  (no boots)
Stlth    ++........             (no amulet)
HPRegen  0.12/turn              s - ring of protection from cold
MPRegen  0.10/turn              (no ring)

@: no status effects
A: high mp 1
a: no special abilities


You were on level 4 of the Dungeon.
You were not hungry.

You visited 1 branch of the dungeon, and saw 4 of its levels.

You collected 92 gold pieces.

Inventory:

Hand Weapons
 a - a +3 dagger (weapon)
 c - a +0 hand crossbow
 k - a +2 mace of protection
Missiles
 d - 28 bolts
 h - 15 poisoned needles
Armour
 e - a +0 ring mail (worn)
Jewellery
 r - an uncursed ring of flight {unknown}
 s - a ring of protection from cold (left hand)
Scrolls
 g - 3 scrolls of enchant weapon
 j - a scroll of enchant armour
 l - 4 scrolls of amnesia {unknown}
 m - 2 scrolls of magic mapping {unknown}
 q - a scroll of teleportation {unknown}
Potions
 b - a potion of berserk rage
 i - a potion of brilliance
 n - a potion of agility {unknown}
 o - a potion of magic {unknown}
 p - a potion of haste {unknown}
 u - a potion of curing {unknown}
Comestibles
 f - 3 rations


   Skills:
 - Level 2.6 Fighting
 + Level 2.2 Short Blades
   Level 1.0 Staves
 - Level 1.7 Crossbows
 - Level 1.0 Throwing
 - Level 1.0 Armour
 + Level 2.5 Dodging
 + Level 2.8 Stealth


You had 3 spell levels left.
You didn't know any spells.

Dungeon Overview and Level Annotations

Branches:
Dungeon (4/15)
 Temple: D:4-7


Innate Abilities, Weirdness & Mutations

You have an increased reservoir of magic. (+10% MP)


Message History

The gnoll is moderately wounded.
You hit the gnoll.
The gnoll is heavily wounded.
The gnoll hits you with a halberd.
You hit the gnoll.
The gnoll is severely wounded.
The gnoll barely misses you.
You barely miss the gnoll.
The gnoll is severely wounded.
The gnoll closely misses you.
You hit the gnoll but do no damage.
The gnoll is severely wounded.
You hit the gnoll.
The gnoll is almost dead.
The gnoll hits you with a halberd!
* * * LOW HITPOINT WARNING * * *
You barely miss the gnoll.
The gnoll is almost dead.
The gnoll hits you with a halberd!
You die...

#.# #.#
#.# #.#
#g# #.#
#.# #.#
### #.#
#@# #.#
#g#
#.####.#
#.gg...#
######.#
#.# #.#
#.# #.#


You could see a gnoll.

Vanquished Creatures
  A hound skeleton (D:2)
  2 gnolls (D:3)
  An adder (D:3)
  2 oozes (D:2)
  A worm (D:3)
  4 dart slugs
  3 leopard geckos
  6 orcs (D:3)
  2 ball pythons
  4 bats
  7 goblins
  8 hobgoblins
  3 jackals (D:2)
  A quokka (D:3)
  7 frilled lizards
  5 kobolds
  9 rats
66 creatures vanquished.

Notes
Turn   | Place    | Note
-------+----------+-------------------------------------------
     0 | D:1      | Mesmaeker13 the Demigod Wanderer began the quest for the Orb.
     0 | D:1      | Mesmaeker13 set off with: a +2 dagger, a potion of berserk rage, a +0 hand crossbow, 28 bolts, a +0 ring mail, a ration
     0 | D:1      | Reached XP level 1. HP: 18/18 MP: 3/3
   642 | D:1      | Reached XP level 2. HP: 25/25 MP: 4/4
   744 | D:1      | You fall through a shaft!
   752 | D:2      | Reached skill level 1 in Short Blades
   971 | D:2      | Found a shattered altar of Ashenzari.
  1128 | D:1      | Reached XP level 3. HP: 23/30 MP: 5/5
  1989 | D:3      | Reached XP level 4. HP: 24/37 MP: 6/6
  3527 | D:4      | Slain by a gnoll

Skill      XL: |  1  2  3  4 |
---------------+-------------+-----
Short Blades   | 1 2 |  2.2
Stealth        | 2 |  2.8
Dodging        | 2 |  2.5
Fighting       | |  2.6
Staves         | |  1.0
Crossbows      | |  1.7
Throwing       | |  1.0
Armour         | |  1.0

Action                   |  1- 3 |  4- 6 || total
-------------------------+-------+-------++-------
Melee: Dagger            |   144 |    96 ||   240
  Use: Scroll            |     3 |       ||     3
 Stab: Sleeping          |     2 |     1 ||     3
  Eat: Chunk             |     3 |     3 ||     6
       Ration            |       |     1 ||     1
Armor: Ring mail         |    41 |    22 ||    63
Dodge: Dodged            |    69 |    46 ||   115
